 Dungeon Crawl Stone Soup version 0.25.1-2-g60ff931df9 (webtiles) character file.

Game seed: 2085821740196273381

22 DogServant the Ruffian (level 2, 0/25 HPs)
             Began as a Naga Transmuter on Oct 17, 2020.
             Slain by a frilled lizard (2 damage)
             ... on level 2 of the Dungeon.
             The game lasted 00:01:38 (682 turns).

DogServant the Ruffian (Naga Transmuter)             Turns: 682, Time: 00:01:39

Health: 0/25       AC:  2    Str: 12    XL:     2   Next: 91%
Magic:  4/5        EV:  9    Int: 13    God:
Gold:   45         SH:  0    Dex: 11    Spells: 4/5 levels left

rFire    . . .     SeeInvis +     - Unarmed
rCold    . . .     Gourm    .   (no shield)
rNeg     . . .     Faith    .   h - +0 leather armour
rPois    +         Spirit   .   (no helmet)
rElec    .         Reflect  .   (no cloak)
rCorr    .         Harm     .   (no gloves)
MR       .....                  (no barding)
Stlth    +.........             (no amulet)
HPRegen  0.08/turn              (no ring)
MPRegen  0.09/turn              (no ring)

@: appendage (expiring), very slow
A: large, horns 2, see invisible, deformed body, poison resistance, slowness 2,
slow metabolism 1, spit poison 1, AC +0
a: Spit Poison, End Transformation


You were on level 2 of the Dungeon.
You were not hungry.
You had grown temporary horns.
You visited 1 branch of the dungeon, and saw 2 of its levels.

You collected 45 gold pieces.

Inventory:

Missiles
 a - 31 arrows
Armour
 b - a +1 robe
 h - a +0 leather armour (worn)
Scrolls
 f - 2 scrolls of identify
 j - a scroll of teleportation {unknown}
Potions
 i - 2 potions of magic
Comestibles
 c - 7 chunks of flesh
 d - 2 rations


   Skills:
 + Level 1.0 Fighting
 + Level 0.3 Armour
 + Level 1.5 Dodging
 + Level 3.6 Unarmed Combat
 + Level 2.0 Spellcasting
 + Level 2.3 Transmutations


You had 4 spell levels left.
You knew the following spells:

 Your Spells              Type           Power        Failure   Level  Hunger
a - Beastly Appendage     Tmut           #.....       12%         1    ##.....

Your spell library contained the following spells:

 Spells                   Type           Power        Failure   Level  Hunger
 Sticks to Snakes         Tmut           #.......     19%         2    ###....
 Spider Form              Tmut/Pois      #.........   52%         3    ####...
 Ice Form                 Ice/Tmut       #.......     89%         4    #####..
 Blade Hands              Tmut           #.........   98%         5    ######.


Dungeon Overview and Level Annotations

Branches:
Dungeon (2/15)

Altars:
Yredelemnul

Annotations:
D:2 Natasha


Innate Abilities, Weirdness & Mutations

You cannot wear boots.
Your serpentine skin is tough. (AC +0)
You have supernaturally acute eyesight. (SInv)
Armour fits poorly on your strangely shaped body.
Your system is resistant to poisons. (rPois)
You cover ground very slowly.
You have a slow metabolism.
You can spit poison.
You have a pair of horns on your head.


Message History

The frilled lizard bites you.
Okay, then.
As you read the scroll labeled XENNOL LEIG, it crumbles to dust.
You hear a loud clanging noise!
It was a scroll of noise.
You hear an angry hiss.
You hear a shout!
The adder bites you but does no damage. Natasha closely misses you.
The shadow imp closely misses you. The adder bites you but does no damage.
The frilled lizard bites you.
* * * LOW HITPOINT WARNING * * *
Okay, then.
Okay, then.
As you read the scroll labeled CEARRE USIMUA, it crumbles to dust.
You feel as if something is helping you.
It was a scroll of remove curse.
Natasha claws you.
* * * LOW HITPOINT WARNING * * *
The shadow imp barely misses you. The adder bites you.
* * * LOW HITPOINT WARNING * * *
The frilled lizard bites you.
You die...

###########
#.........#
#.........#
#.........#
#.........#
#@5.......########
+Slh...............
#.............###..
#.#####.......# .#
... #......)# .P.
#.......##### _..
...........÷.# P.P.
###.......###.#
######### #÷#


You could see Natasha, an adder, a shadow imp (summoned) and a frilled lizard.

Vanquished Creatures
  A dart slug (D:1)
  5 bats
  A hobgoblin (D:2)
  4 jackals
  4 kobolds (D:1)
  A goblin (D:1)
  2 rats (D:1)
18 creatures vanquished.

Notes
Turn   | Place    | Note
-------+----------+-------------------------------------------
     0 | D:1      | DogServant the Naga Transmuter began the quest for the Orb.
     0 | D:1      | Reached XP level 1. HP: 18/18 MP: 3/3
   157 | D:1      | Reached XP level 2. HP: 17/25 MP: 3/5
   670 | D:2      | Found a basalt altar of Yredelemnul.
   670 | D:2      | Noticed Natasha
   682 | D:2      | Slain by a frilled lizard

Illustrated notes

Levels and vault maps discovered:
D:1:      evilmike_arrival_plus, layout_basic, item_on_display_a
D:2:      layout_basic, corner_web_ring, yredelemnul_altar_generic,
          uniq_natasha, uniq_sigmund

Action                   || total
-------------------------++-------
Melee: Unarmed           ||    45
       Headbutt          ||     4
       Punch             ||     1
 Cast: Beastly Appendage ||     8
 Abil: Spit Poison       ||     6
  Use: Scroll            ||     6
Armor: Leather armour    ||    23
       Robe              ||     1
Dodge: Dodged            ||    50
